 Dungeon Crawl Stone Soup version 0.27-a0-40-g5f2be0e231 (webtiles) character file.

Game seed: 13971743886147713860

75075 jasper the Severer (level 15, 0/143 HPs)
             Began as a Palentonga Fighter on Jan 5, 2021.
             Was a High Priest of Trog.
             Slain by a salamander
             ... wielding a +0 spear
              (7 damage)
             ... on level 6 of the Lair of Beasts.
             The game lasted 00:30:49 (20369 turns).

jasper the Severer (Palentonga Fighter)            Turns: 20369, Time: 00:30:50

Health: 0/143      AC: 26    Str: 20    XL:     15   Next: 8%
Magic:  15/15      EV:  6    Int:  9    God:    Trog [*****.]
Gold:   1835       SH: 19    Dex: 11    Spells: 14/14 levels left

rFire    . . .     SeeInvis +   X - +3 war axe (vorpal)
rCold    + + .     Faith    .   u - +2 tower shield
rNeg     . . .     Spirit   .   Y - +2 ice dragon scales
rPois    .         Reflect  .   n - +2 hat {SInv}
rElec    +         Harm     .   I - +2 cloak {Stlth+}
rCorr    .         Rampage  .   (no gloves)
Will     +++..                  (no barding)
Stlth    ..........             p - amulet of regeneration
HPRegen  1.73/turn              E - ring "Gusa" {rElec rC+ Str-4 Slay+3}
MPRegen  0.14/turn              A - ring of fire

@: berserk cooldown, regenerating, slowed, curled up, very slow
A: large, rugged brown scales 3, see invisible, deformed body, roll 1, armoured
tail, reflexive curl
a: Rolling Charge, Renounce Religion, Berserk, Trog's Hand, Brothers in Arms


You were on level 6 of the Lair of Beasts.
You worshipped Trog.
Trog was extremely pleased with you.
You visited 3 branches of the dungeon, and saw 20 of its levels.

You collected 2670 gold pieces.
You spent 835 gold pieces at shops.

Inventory:

Hand Weapons
 a - a +5 broad axe
 X - a +3 vorpal war axe (weapon)
Armour
 c - a +0 kite shield
 i - a +2 chain mail of fire resistance
 n - a +2 hat of see invisible (worn)
 u - a +2 tower shield (worn)
 B - the +4 scale mail of Insurance {rElec}
   (You found it on level 4 of the Dungeon)

   It insulates you from electricity.
 I - a +2 cloak of stealth (worn)
 Y - +2 ice dragon scales (worn)
Jewellery
 p - an amulet of regeneration (around neck)
 A - a ring of fire (right hand)
 E - the ring "Gusa" (left hand) {rElec rC+ Str-4 Slay+3}
   (You bought it in a shop on level 2 of the Orcish Mines)

   [ring of protection from cold]

   It affects your strength (-4).
   It affects your accuracy and damage with ranged weapons and melee attacks
   (+3).
   It protects you from cold.
   It insulates you from electricity.
 L - an uncursed ring of poison resistance
 O - an uncursed amulet of faith {unknown}
Wands
 g - a wand of enslavement (7)
 o - a wand of iceblast (13)
 x - a wand of flame (37)
 J - a wand of paralysis (16)
 M - a wand of polymorph (21)
 P - a wand of digging (8)
 W - a wand of random effects (21)
Scrolls
 e - 7 scrolls of remove curse
 f - a scroll of noise
 j - a scroll of random uselessness
 k - 4 scrolls of fear
 m - 3 scrolls of enchant weapon
 s - 10 scrolls of teleportation
 v - 2 scrolls of immolation
 w - 5 scrolls of magic mapping
 y - 2 scrolls of fog
 F - 4 scrolls of amnesia
 H - 3 scrolls of enchant armour
 N - a scroll of torment
 V - a scroll of blinking
Potions
 b - a potion of haste
 d - 3 potions of might
 h - 5 potions of degeneration
 l - 4 potions of attraction
 q - 2 potions of flight
 r - a potion of invisibility
 t - a potion of berserk rage {unknown}
 z - 3 potions of mutation
 C - 2 potions of cancellation
 D - 2 potions of magic
 G - 10 potions of lignification
 K - 2 potions of brilliance
 Q - a potion of heal wounds
 R - 2 potions of resistance
 T - 7 potions of curing
 U - 4 potions of ambrosia
Miscellaneous
 S - a condenser vane


   Skills:
 + Level 12.8 Fighting
 - Level 16.0 Axes
 - Level 10.2 Armour
 + Level 10.1 Shields
 - Level 6.0 Evocations


You had 14 spell levels left.
You didn't know any spells.
Your spell library was empty.

Dungeon Overview and Level Annotations

Branches:
Dungeon (12/15)            Temple (0/1) D:6            Lair (6/6) D:8
  Swamp (0/4) Lair:4        Snake (0/4) Lair:2        Slime (0/5) Lair:5
    Orc (2/2) D:12            Elf (0/3) Orc:2

Altars:
Elyvilon
Qazlal
Trog
Uskayaw
Xom
Beogh
Jiyva

Shops:
D:6 :   Orc:2 =[(*

Annotations:
D:4 1 runed translucent door
D:10 2 transporters, handsome's ghost, novice OpWn
Lair:1 3 runed translucent doors, dolemite99's ghost, journeyman DrTm
Lair:5 exclusion: 2 oklob plants
Lair:6 2 transporters, jasper's ghost, journeyman PaFi
Orc:2 1 runed translucent door, Ukoum's ghost, journeyman DrTm


Innate Abilities, Weirdness & Mutations

You are completely covered in rugged brown scales. (AC +3, +7% HP)
You have supernaturally acute eyesight. (SInv)
Armour fits poorly on your strangely shaped body.
You can roll at nearby foes to attack.
You have a long armoured tail.
You curl defensively after being hit.


Message History

You hold your ground!
The elephant trunk-slaps you but does no damage.
You block the elephant's attack. The elephant barely misses you.
You take 4 damage, and have 2/143 hp.
You feel much better. You block the elephant's attack.
The elephant closely misses you.
The salamander hits you from afar with a +0 spear.
* * * LOW HITPOINT WARNING * * *
You are engulfed in flames!
* * * LOW HITPOINT WARNING * * *
The elephant tramples you.
* * * LOW HITPOINT WARNING * * *
You hold your ground!
The elephant trunk-slaps you.
* * * LOW HITPOINT WARNING * * *
The elephant tramples you but does no damage.
You block the elephant's attack.
The elephant tramples you but does no damage.
The elephant trunk-slaps you but does no damage.
The salamander hits you from afar with a +0 spear!
You die...

##......P....#.#.....#....
#........................<
......#.........P.........
#........................
#.......(................
#.....................^.
##...P.N.................
#......PYYY..$............
.........@....#.#..P......
....≈≈≈≈≈§.....#...#......
#...≈≈≈≈§§§#....P...##....
#...≈≈≈≈≈≈§#............#.
#...≈##§≈§.....#...##.#..#
....≈ #≈#§.#......###.....
... ≈≈≈§.......## ##..P#
.. ≈##≈§........ #.#...
§........ .......


You could see 3 elephants and a salamander.

Vanquished Creatures
  Gastronok (D:9)
  An orc warlord (Orc:2)
  A vampire knight (D:12)
  Snorg (D:10)
  Erolcha (D:10)
  8 hydras
  Harold (D:7)
  4 catoblepae
  2 two-headed ogres
  7 death yaks (Lair:6)
  4 orc high priests
  Nergalle (Lair:4)
  The ghost of Sekkong the Basher, a novice MiBe of Trog (D:6)
  A bog body (Lair:4)
  A lindwurm (Lair:6)
  5 orc knights
  An ugly thing (D:12)
  2 orc sorcerers (Orc:2)
  A deep elf mage (D:12)
  A cyclops (Orc:1)
  17 elephants
  2 manticores (Lair:6)
  3 black mambas
  Joseph (D:7)
  2 centaur zombies
  A torpor snail (Lair:6)
  15 cane toads
  Maggie (D:6)
  A freezing wraith (D:12)
  2 centaur skeletons
  8 komodo dragons
  2 efreet (D:12)
  A kobold demonologist (D:12)
  6 rime drakes
  3 trolls
  A queen bee (Lair:1)
  A polar bear (Lair:5)
  20 blink frogs
  2 hornets
  4 dream sheep (Lair:5)
  Grum (Lair:1)
  A wraith (D:11)
  61 yaks
  A wyvern (Lair:1)
  Eustachio (D:4)
  The ghost of pkoi the Ruffian, an amateur DrMo (D:3)
  A vampire mosquito (D:12)
  A basilisk (Lair:5)
  Menkaure (D:7)
  2 wargs (Orc:1)
  4 swamp worms (Lair:4)
  An acid dragon (D:12)
  3 nagas (Lair:2)
  11 water moccasins
  22 orc warriors
  A hornet zombie (D:12)
  2 sky beasts
  2 black bears (Lair:5)
  3 eyes of draining
  2 phantoms
  16 wolves
  5 ogres
  4 centaurs
  4 boggarts (Lair:5)
  11 big kobolds
  21 bullfrogs
  A wyvern skeleton (D:11)
  2 scorpions
  A water moccasin skeleton (D:10)
  27 killer bees
  4 electric eels
  2 bullfrog zombies
  3 hounds
  2 bullfrog skeletons
  Crazy Yiuf (D:6)
  9 orc priests
  7 jellies
  Jessica (D:2)
  5 iguanas
  12 orc wizards
  9 worker ants
  A bullfrog simulacrum (D:12)
  A hound skeleton (D:6)
  17 adders
  4 shadow imps
  A white imp (D:10)
  4 oozes
  An adder skeleton (D:10)
  6 worms
  4 dart slugs
  5 leopard geckos
  44 orcs
  6 giant cockroaches
  10 hobgoblins
  10 jackals
  19 kobolds
  8 quokkas
  A ball python (D:5)
  12 bats
  5 frilled lizards
  4 goblins
  8 rats
  A fire vortex (Lair:6)
579 creatures vanquished.

Vanquished Creatures (collateral kills)
  2 hydras
  2 black mambas
  A komodo dragon (Lair:5)
  A hornet (Lair:4)
  A dream sheep (Lair:5)
  A bullfrog (Lair:4)
  An adder (Lair:4)
9 creatures vanquished.

Vanquished Creatures (others)
  3 dream sheep (Lair:5)
  70 fungi
  80 plants
153 creatures vanquished.

Grand Total: 741 creatures vanquished

Notes
Turn   | Place    | Note
-------+----------+-------------------------------------------
     0 | D:1      | jasper the Palentonga Fighter began the quest for the Orb.
     0 | D:1      | Reached XP level 1. HP: 20/20 MP: 1/1
   190 | D:1      | Reached XP level 2. HP: 27/27 MP: 2/2
   200 | D:1      | Reached skill level 3 in Axes
   458 | D:1      | Reached XP level 3. HP: 33/33 MP: 3/3
   814 | D:2      | Reached skill level 4 in Axes
  1005 | D:2      | Found a bloodstained altar of Trog.
  1030 | D:2      | Became a worshipper of Trog the Wrathful
  1156 | D:2      | Noticed Jessica
  1157 | D:2      | Killed Jessica
  1158 | D:2      | Reached XP level 4. HP: 38/40 MP: 4/4
  1209 | D:2      | Reached skill level 5 in Axes
  1724 | D:3      | Reached XP level 5. HP: 48/48 MP: 5/5
  1784 | D:3      | Reached * piety under Trog
  1797 | D:3      | Found a runed translucent door.
  1798 | D:3      | Noticed pkoi's ghost (amateur DrMo)
  2493 | D:3      | Killed pkoi's ghost
  2494 | D:3      | Reached skill level 6 in Axes
  2494 | D:3      | Reached XP level 6. HP: 54/54 MP: 6/6
  2592 | D:4      | Reached skill level 7 in Axes
  2600 | D:4      | Reached ** piety under Trog
  2701 | D:4      | Noticed Eustachio
  2711 | D:4      | Killed Eustachio
  2712 | D:4      | Reached skill level 8 in Axes
  2712 | D:4      | Gained mutation: You curl defensively after being hit.
                  | [Palentonga growth]
  2712 | D:4      | Reached XP level 7. HP: 60/60 MP: 7/7
  2898 | D:4      | Got a brightly glowing scale mail
  2909 | D:4      | Identified the +4 scale mail of Insurance {rElec} (You
                  | found it on level 4 of the Dungeon)
  2923 | D:4      | Found a white marble altar of Elyvilon.
  2923 | D:4      | Found a runed translucent door.
  2923 | D:4      | Noticed an angel
  3162 | D:5      | Entered Level 5 of the Dungeon
  3585 | D:6      | Reached skill level 9 in Axes
  3907 | D:6      | Found a runed translucent gate.
  3908 | D:6      | Found a runed translucent gate.
  3908 | D:6      | Found a runed translucent gate.
  3908 | D:6      | Noticed Sekkong's ghost (novice MiBe)
  3909 | D:6      | Identified the +6 whip of the Hand {venom, rC+ MP+9 Dex+2}
  3922 | D:6      | Reached XP level 8. HP: 67/67 MP: 8/8
  3933 | D:6      | Killed Sekkong's ghost
  3934 | D:6      | Reached skill level 10 in Axes
  3952 | D:6      | Reached skill level 11 in Axes
  3978 | D:6      | Reached XP level 9. HP: 23/73 MP: 9/9
  4246 | D:6      | Found Kaqo's Book Emporium.
  4252 | D:6      | Reached skill level 12 in Axes
  4327 | D:6      | Found a hide-covered altar of Uskayaw.
  4330 | D:6      | Found a staircase to the Ecumenical Temple.
  4333 | D:6      | Noticed Maggie
  4371 | D:6      | Killed Maggie
  4795 | D:6      | Found a runed translucent door.
  4796 | D:6      | Noticed Crazy Yiuf
  4804 | D:6      | Killed Crazy Yiuf
  4804 | D:6      | Reached *** piety under Trog
  4926 | D:7      | Noticed Menkaure
  4937 | D:7      | Killed Menkaure
  5083 | D:7      | Noticed Joseph
  5096 | D:7      | Killed Joseph
  5097 | D:7      | Reached skill level 13 in Axes
  5310 | D:7      | Noticed Harold
  5321 | D:7      | Killed Harold
  5322 | D:7      | Reached XP level 10. HP: 82/82 MP: 10/10
  5340 | D:7      | Reached skill level 14 in Axes
  6090 | D:8      | Found a staircase to the Lair.
  6533 | D:9      | Noticed Gastronok
  6551 | D:9      | Killed Gastronok
  6552 | D:9      | Reached skill level 15 in Axes
  6739 | D:9      | Found a hide-covered altar of Uskayaw.
  7217 | D:10     | Entered Level 10 of the Dungeon
  7217 | D:10     | Noticed a two-headed ogre
  7230 | D:10     | Killed a two-headed ogre
  7288 | D:10     | Noticed Erolcha
  7399 | D:10     | Reached skill level 16 in Axes
  7404 | D:10     | Reached XP level 11. HP: 66/87 MP: 11/11
  7443 | D:10     | Noticed handsome's ghost (novice OpWn)
  7520 | D:10     | Killed Erolcha
  7558 | D:10     | Paralysed by an orc for 5 turns
  7568 | D:10     | Reached **** piety under Trog
  7569 | D:10     | Paralysed by an orc for 4 turns
  7805 | D:10     | Found a transporter.
  7810 | D:10     | Found a transporter.
  7960 | D:10     | Noticed Snorg
  7968 | D:10     | Killed Snorg
  8327 | D:11     | Found a hide-covered altar of Uskayaw.
  8406 | D:11     | Reached skill level 5 in Fighting
  8971 | Lair:1   | Entered Level 1 of the Lair of Beasts
  8992 | Lair:1   | Found a stormy altar of Qazlal.
  9308 | Lair:1   | Found a runed translucent gate.
  9308 | Lair:1   | Found a runed translucent gate.
  9308 | Lair:1   | Found a runed translucent gate.
  9310 | Lair:1   | Found a viscous altar of Jiyva.
  9310 | Lair:1   | Noticed dolemite99's ghost (journeyman DrTm)
  9398 | Lair:1   | Reached skill level 5 in Armour
  9398 | Lair:1   | Reached skill level 5 in Shields
  9417 | Lair:1   | Noticed Grum
  9426 | Lair:1   | Killed Grum
  9528 | Lair:1   | Reached ***** piety under Trog
  9756 | Lair:1   | Reached XP level 12. HP: 97/103 MP: 12/12
 10694 | Lair:2   | Noticed a seven-headed hydra
 10705 | Lair:2   | Killed a ten-headed hydra
 10856 | Lair:2   | Found a staircase to the Snake Pit.
 10870 | Lair:2   | Received a gift from Trog
 12143 | Lair:3   | Noticed a seven-headed hydra
 12153 | Lair:3   | Killed a nine-headed hydra
 12581 | Lair:4   | Noticed Nergalle
 12586 | Lair:4   | Killed Nergalle
 12615 | Lair:4   | Reached XP level 13. HP: 83/118 MP: 13/13
 12929 | Lair:4   | Received a gift from Trog
 13061 | Lair:4   | Found a frozen archway.
 13069 | Lair:4   | Reached skill level 10 in Fighting
 13710 | Lair:4   | Found a staircase to the Swamp.
 14366 | Lair:5   | Found a staircase to the Slime Pits.
 14613 | Lair:5   | Reached skill level 1 in Evocations
 15482 | D:12     | Noticed a vampire knight
 15505 | D:12     | Killed a vampire knight
 15514 | D:12     | Reached XP level 14. HP: 75/132 MP: 14/14
 16011 | D:12     | Found a staircase to the Orcish Mines.
 16064 | D:12     | Found a roughly hewn altar of Beogh.
 16071 | D:12     | Paralysed by a hornet for 1 turns
 16634 | Orc:1    | Entered Level 1 of the Orcish Mines
 17112 | Orc:1    | Found a shimmering altar of Xom.
 17163 | Orc:1    | Found a roughly hewn altar of Beogh.
 17428 | Orc:2    | Entered Level 2 of the Orcish Mines
 17433 | Orc:2    | Found Goukause's General Store.
 17776 | Orc:2    | Noticed an orc warlord
 17776 | Orc:2    | Found Wivy's Antique Armour Emporium.
 17986 | Orc:1    | Reached skill level 10 in Armour
 18224 | Orc:2    | Bought a runed tower shield for 187 gold pieces
 18275 | Orc:2    | Found Goijoiff's Jewellery Boutique.
 18307 | Orc:2    | Bought the ring "Gusa" {rElec rC+ Str-4 Slay+3} for 648
                  | gold pieces
 18432 | Orc:2    | Found Gijetill's Antique Weapon Boutique.
 18442 | Orc:2    | Killed an orc warlord
 18467 | Orc:2    | Reached skill level 5 in Evocations
 18632 | Orc:2    | Found a staircase to the Elven Halls.
 18778 | Orc:2    | Found a runed translucent door.
 18778 | Orc:2    | Found a shimmering altar of Xom.
 18778 | Orc:2    | Noticed Ukoum's ghost (journeyman DrTm)
 19287 | Lair:6   | Entered Level 6 of the Lair of Beasts
 19847 | Lair:6   | Reached skill level 10 in Shields
 19847 | Lair:6   | Reached XP level 15. HP: 66/143 MP: 15/15
 19850 | Lair:6   | Received a gift from Trog
 20236 | Lair:6   | Noticed jasper's ghost (journeyman PaFi)
 20241 | Lair:6   | Found a transporter.
 20245 | Lair:6   | Found a transporter.
 20367 | Lair:6   | HP: 6/143 [elephant (9)]
 20368 | Lair:6   | HP: 2/143 [elephant (4)]
 20369 | Lair:6   | Slain by a salamander

Illustrated notes

Levels and vault maps discovered:
D:1:      scummos_arrival_checkerplants, layout_loops_ring
D:2:      layout_loops_ring, old_standard_altar, chequers_serial_rivers_micro_d,
          minmay_misc_feat_ornament, uniq_jessica
D:3:      minmay_skewed_foursquare, layout_loops_ring,
          hellmonk_ghost_happy_afterlife
D:4:      layout_cave_pools, lemuel_angel_altar, uniq_eustachio
D:5:      layout_rooms
D:6:      layout_loops_ring, minmay_temple_entry_crystal_x, basic_altar,
          gammafunk_ghost_nasty_kobolds, serial_shops, shop,
          uniq_crazy_yiuf_cottage, uniq_maggie
D:7:      layout_cave_pods, chequers_serial_rivers_small_b, uniq_joseph,
          uniq_menkaure, uniq_harold
D:8:      layout_basic, lair_entry_dummy
D:9:      layout_gridville, basic_altar, uniq_gastronok
D:10:     layout_basic, gammafunk_ghost_hive, uniq_snorg, uniq_erolcha
D:11:     layout_long_grid, basic_altar
D:12:     hangedman_cross_veins, layout_loops_ring,
          minmay_orc_entry_temple_large, minivault_23
Lair:1:   layout_layer_cave, special_room [special_room_bee], basic_altar,
          gammafunk_ghost_ooze, serial_bayou_pond_a, infiniplex_staircase_pool,
          lemuel_fruit_fields, uniq_grum
Lair:2:   layout_chaotic_city, minmay_snake_entry_guardpost_small,
          grunt_megastairs_1
Lair:3:   layout_roguey, minivault_19
Lair:4:   minmay_lair_venomous_thicket, layout_loops_ring,
          nicolae_swamp_entry_splash_gauntlet, portal_ice_cave_rime,
          st_stairs_10, uniq_nergalle
Lair:5:   layout_cave_pods, nicolae_slime_entry_slimehenge, serial_bayou_ford_a,
          kilobyte_rumbling_trees, minmay_lair_oklob_chamber,
          grunt_megastairs_3, serial_bayou_shore_b
Lair:6:   evilmike_catoblepas_cave, layout_gridlike, gammafunk_ghost_hive,
          chequers_serial_rivers_large_b
Orc:1:    layout_caves, hangedman_feature_mirror
Orc:2:    grunt_orc_gardens, layout_diamond_mine, grunt_orc_garden,
          grunt_orc_garden, grunt_orc_garden, grunt_orc_garden,
          ebering_ghost_xom

Skill      XL: |  1  2  3  4  5  6  7  8  9 10 11 12 13 14 |
---------------+-------------------------------------------+-----
Axes           | 3 4 5 6 8 9 11 13 16 | 16.0
Fighting       | 6 9 11 12 | 12.8
Armour         | 5 7 9 10 | 10.2
Shields        | 5 7 9 10 | 10.1
Evocations     | 2 6 |  6.0

Action                   |  1- 3 |  4- 6 |  7- 9 | 10-12 | 13-15 || total
-------------------------+-------+-------+-------+-------+-------++-------
Melee: War axe           |   111 |   168 |   228 |   750 |   872 ||  2129
       Tailslap          |    10 |    18 |    23 |    82 |   157 ||   290
       Broad axe         |       |       |       |    16 |       ||    16
Invok: Berserk           |       |     3 |     8 |    13 |    14 ||    38
       Trog's Hand       |       |     1 |     3 |     4 |     9 ||    17
       Brothers in Arms  |       |       |       |     1 |     4 ||     5
 Abil: Rolling Charge    |    23 |    18 |    17 |    41 |    42 ||   141
Evoke: Wand              |       |       |       |    10 |    40 ||    50
       Condenser vane    |       |       |       |     1 |     3 ||     4
  Use: Scroll            |       |     1 |     6 |     6 |    13 ||    26
       Potion            |       |       |     4 |       |     3 ||     7
 Stab: Confused          |       |       |       |       |    12 ||    12
Armor: Scale mail        |    17 |       |    79 |   284 |   250 ||   630
       Chain mail        |    39 |    70 |       |       |       ||   109
       Skin              |       |       |       |     2 |       ||     2
       Ice dragon scales |       |       |       |       |    29 ||    29
Dodge: Dodged            |    24 |    21 |    24 |   151 |   148 ||   368
Block: Kite shield       |    33 |    58 |    74 |   337 |   252 ||   754
       Tower shield      |       |       |       |       |   164 ||   164

Table legend: (Time is in decaauts)
 A = Elapsed time spent in this place.
 B = Non-inter-level travel time spent in this place.
 C = Inter-level travel time spent in this place.
 D = Time resting spent in this place.
 E = Time spent auto-exploring this place.
 F = Levels seen in this place.
 G = Mean time per level.
                   A        B        C        D        E       F      G
               +--------+--------+--------+--------+--------+-----+--------+
         Total |  20381 |  19349 |   1032 |   2688 |  13103 |  20 | 1019.0 |
       Dungeon |  10620 |   9991 |    629 |   1358 |   6768 |  12 |  885.0 |
          Lair |   7439 |   7126 |    313 |    710 |   5066 |   6 | 1239.8 |
  Orcish Mines |   2320 |   2230 |     90 |    619 |   1269 |   2 | 1160.0 |
               +--------+--------+--------+--------+--------+-----+--------+

Top non-repeatable levels by time:
  Lair:1: 1841 daAuts
  Lair:5: 1517 daAuts
     D:6: 1364 daAuts
    D:12: 1327 daAuts
  Lair:4: 1303 daAuts
   Orc:2: 1203 daAuts
   Orc:1: 1117 daAuts
     D:2: 1027 daAuts
  Lair:2: 955 daAuts
  Lair:6: 952 daAuts
     D:3: 934 daAuts
  Lair:3: 869 daAuts
    D:10: 868 daAuts
     D:7: 853 daAuts
    D:11: 842 daAuts
